 Dungeon Crawl Stone Soup version 0.20-a0-214-gb74cb0e (webtiles) character file.

119 Gorice the Ducker (level 5, -5/32 HPs)
             Began as a Kobold Arcane Marksman on Nov 27, 2016.
             Killed from afar by Sigmund (10 damage)
             ... with a puff of flame
             ... on level 2 of the Dungeon.
             The game lasted 00:07:57 (1980 turns).

Gorice the Ducker (Kobold Arcane Marksman)          Turns: 1980, Time: 00:07:58

Health: -5/32      AC: 10    Str:  9    XL:     5   Next: 23%
Magic:  5/6        EV: 14    Int: 14    God:
Gold:   91         SH:  0    Dex: 15    Spells: 3/6 levels left

rFire  . . .     SeeInvis .     b - +0 hand crossbow
rCold  . . .     Gourm    .     o - +4 ring mail
rNeg   + . .     Faith    .     (shield restricted)
rPois  .         Spirit   .     w - +0 helmet
rElec  .         Reflect  .     (no cloak)
rCorr  .         Harm     .     (no gloves)
MR     .....                    (no boots)
Stlth  +.........               (no amulet)
                                (no ring)
                                t - ring of positive energy

@: no status effects
A: carnivore 3
a: no special abilities


You were on level 2 of the Dungeon.
You were completely stuffed.

You visited 1 branch of the dungeon, and saw 2 of its levels.

You collected 91 gold pieces.

Inventory:

Hand Weapons
 a - a +0 short sword
 b - a +0 hand crossbow (weapon)
 l - a +0 mace
 s - a +0 dagger of speed
   (You took it off a goblin on level 2 of the Dungeon)
Missiles
 y - 5 curare-tipped needles
 Z - 50 stones (quivered)
Armour
 e - a +0 robe
 g - a +0 chain mail
 o - a +4 ring mail (worn)
 w - a +0 helmet (worn)
Jewellery
 t - a ring of positive energy (left hand)
Scrolls
 i - a scroll of immolation {!r}
 j - a scroll of amnesia {unknown}
 k - a scroll of teleportation {unknown}
 m - a scroll of blinking
 p - a scroll of fear {unknown}
 q - 2 scrolls of remove curse {unknown}
Potions
 r - 2 potions of resistance {!q}
 v - a potion of lignification {!q}
 x - 2 potions of curing
 z - a potion of flight {unknown}
Books
 c - a book of Debilitation
Comestibles
 f - a meat ration {!e}
 h - a slice of pizza
 u - 10 chunks of flesh


   Skills:
 + Level 3.0 Fighting
 + Level 3.9 Crossbows
 + Level 4.0 Dodging
 - Level 1.1 Spellcasting
 - Level 3.0 Hexes


You had 3 spell levels left.
You knew the following spells:

 Your Spells              Type           Power        Failure   Level  Hunger
a - Corona                Hex            #......      24%         1    ##.....
b - Slow                  Hex            #.......     34%         2    ###....


Dungeon Overview and Level Annotations

Branches:
Dungeon (2/15)

Altars:

Annotations:
D:2 Sigmund


Innate Abilities, Weirdness & Mutations

You are small and have problems with some larger weapons.
You are carnivorous and can eat meat at any time.


Message History

Firing (i - inventory. (,) - cycle):
d - 6 bolts (quivered)
Press: ? - help, Shift-Dir - straight line, f - Sigmund
Aim: Sigmund, wielding a scythe and wearing a robe (almost dead, softly glowing, slightly transparent)
You shoot a bolt. The bolt closely misses Sigmund.
Sigmund hits you but does no damage.
Firing (i - inventory. (,) - cycle):
d - 5 bolts (quivered)
Press: ? - help, Shift-Dir - straight line, f/p - Sigmund
Aim: Sigmund, wielding a scythe and wearing a robe (almost dead, softly glowing, slightly transparent)
You shoot a bolt.
The bolt hits Sigmund but does no damage.
Sigmund is almost dead.
Sigmund casts a spell at you. The puff of flame hits you!
Firing (i - inventory. (,) - cycle):
d - 4 bolts (quivered)
Press: ? - help, Shift-Dir - straight line, f/p - Sigmund
Aim: Sigmund, wielding a scythe and wearing a robe (almost dead, softly glowing, slightly transparent)
You shoot a bolt.
The bolt hits Sigmund but does no damage.
Sigmund is almost dead.
Sigmund closely misses you.
Firing (i - inventory. (,) - cycle):
d - 3 bolts (quivered)
Press: ? - help, Shift-Dir - straight line, f/p - Sigmund
Aim: Sigmund, wielding a scythe and wearing a robe (almost dead, softly glowing, slightly transparent)
You shoot a bolt. The bolt barely misses Sigmund.
Sigmund hits you from afar with a scythe.
* * * LOW HITPOINT WARNING * * *
Damage: 6 (max 6) Firing (i - inventory. (,) - cycle):
d - 2 bolts (quivered)
Press: ? - help, Shift-Dir - straight line, f/p - Sigmund
Aim: Sigmund, wielding a scythe and wearing a robe (almost dead, softly glowing, slightly transparent)
You shoot a bolt. The bolt completely misses Sigmund.
Sigmund hits you but does no damage.
Firing (i - inventory. (,) - cycle):
d - a bolt (quivered)
Press: ? - help, Shift-Dir - straight line, f/p - Sigmund
Aim: Sigmund, wielding a scythe and wearing a robe (almost dead, softly glowing, slightly transparent)
You shoot a bolt. The bolt hits Sigmund.
Sigmund is almost dead.
Sigmund hits you but does no damage.
Throwing (i - inventory):
Z - 51 stones (quivered)
Press: ? - help, Shift-Dir - straight line, f/p - Sigmund
Aim: Sigmund, wielding a scythe and wearing a robe (almost dead, softly glowing, slightly transparent)
You throw a stone.
The stone hits Sigmund but does no damage.
Sigmund is almost dead.
Sigmund stops glowing and disappears.
Something hits you!
* * * LOW HITPOINT WARNING * * *
Damage: 8 (max 8)
A puff of flame appears from out of thin air!
The puff of flame hits you!
You die...

........>.>.............
.........##############.
######..).# #. ..........#
#. .# #.##.....# #. ###.#
#..#..#'######### #.
##...# ##.#..#..........
## #....##
#....###########.
......##.....#..@...#
...#..######.#.####.{w(...
.............#.# #######
......##...###.# #####
......#.... .># #...#
#.#...#... ### #.#.#
#.#...#... ####### #.#.#
#.#..)#.# #.....# #.#.###
#.#..<#.# #)###.# #.#.#..


You could see a worm.

Vanquished Creatures
  Ijyb (D:2)
  Robin (D:2)
  3 adders (D:2)
  An ooze (D:1)
  A dart slug (D:1)
  3 leopard geckos
  A ball python (D:1)
  3 bats
  4 giant cockroaches
  9 goblins
  9 hobgoblins
  A frilled lizard (D:2)
  4 kobolds
  4 rats (D:1)
45 creatures vanquished.

Notes
Turn   | Place    | Note
-------+----------+-------------------------------------------
     0 | D:1      | Gorice the Kobold Arcane Marksman began the quest for the Orb.
     0 | D:1      | Reached XP level 1. HP: 12/12 MP: 2/2
   164 | D:1      | Reached XP level 2. HP: 6/16 MP: 3/3
   168 | D:1      | HP: 3/16 [goblin/dagger (3)]
   460 | D:1      | Learned a level 2 spell: Slow
   522 | D:1      | Reached skill level 3 in Dodging
   631 | D:1      | Reached skill level 2 in Fighting
   647 | D:1      | Reached XP level 3. HP: 20/21 MP: 0/4
  1181 | D:2      | Reached skill level 3 in Crossbows
  1345 | D:2      | Reached XP level 4. HP: 27/27 MP: 5/5
  1358 | D:2      | Noticed Robin
  1389 | D:2      | Killed Robin
  1464 | D:2      | Noticed Ijyb
  1575 | D:2      | Killed Ijyb
  1575 | D:2      | Reached XP level 5. HP: 18/32 MP: 0/6
  1821 | D:2      | Reached skill level 3 in Fighting
  1821 | D:2      | Reached skill level 4 in Dodging
  1953 | D:2      | Noticed Sigmund
  1978 | D:2      | HP: 5/32 [something (8)]
  1980 | D:2      | Killed from afar by Sigmund

Vault maps used:
D:1:      erik_arrival_cave_to_civilisation
D:2:      uniq_robin, uniq_sigmund, uniq_iyjb

Skill      XL: |  1  2  3  4  5 |
---------------+----------------+-----
Dodging        | 3 4 |  4.0
Fighting       | 2 3 |  3.0
Crossbows      | 3 |  3.9
Spellcasting   | |  1.1
Hexes          | |  3.0

Action                   |  1- 3 |  4- 6 || total
-------------------------+-------+-------++-------
Melee: Short sword       |    79 |       ||    79
       Dagger            |    21 |   163 ||   184
 Fire: Hand crossbow     |     5 |    22 ||    27
Throw: Stone             |       |     1 ||     1
 Cast: Corona            |    23 |    23 ||    46
  Use: Scroll            |     3 |     2 ||     5
  Eat: Chunk             |    11 |     3 ||    14
Armor: Robe              |     4 |       ||     4
       Ring mail         |    23 |    53 ||    76
Dodge: Dodged            |    93 |    79 ||   172

Table legend:
 A = Turns spent in this place as a percentage of turns spent in the entire game.
 B = Non-inter-level travel turns spent in this place as a percentage of non-inter-level travel turns spent in the entire game.
 C = Inter-level travel turns spent in this place as a percentage of turns spent in this place.
 D = Turns resting spent in this place as a percentage of non-inter-level travel turns spent in this place.
 E = Turns spent auto-exploring this place as a percentage of non-inter-level travel turns spent in this place.
 F = Non-inter-level travel turns spent in this place divided by the number of levels of this place that you've seen.
                   A       B       C       D       E      F
               +-------+-------+-------+-------+-------+----------------------
         Total | 100.0 | 100.0 |   0.2 |   2.1 |   4.4 | 409.5
       Dungeon | 100.0 | 100.0 |   0.2 |   2.1 |   4.4 | 409.5
               +-------+-------+-------+-------+-------+----------------------

Vault maps used:
D:1:      erik_arrival_cave_to_civilisation
D:2:      uniq_robin, uniq_sigmund, uniq_iyjb
